 Dungeon Crawl Stone Soup version 0.29-a0-982-gaed3a0c8d8 (webtiles) character file.

Game seed: 10028613734936011217

23 xian the Trooper (level 2, -4/24 HPs)
             Began as a Demonspawn Fighter on Aug 1, 2022.
             Was a Follower of Sif Muna.
             Slain by a phantom (5 damage)
             ... on level 4 of the Dungeon.
             The game lasted 00:02:12 (901 turns).

xian the Trooper (Demonspawn Fighter)                Turns: 901, Time: 00:02:13

Health: -4/24      AC: 16    Str: 16    XL:     2   Next: 72%
Magic:  2/2        EV:  8    Int:  9    God:    Sif Muna [*.....]
Gold:   134        SH:  4    Dex: 12    Spells: 1/1 levels left

rFire   . . .      SeeInvis .   a - +0 long sword
rCold   . . .      Faith    .   c - +0 buckler
rNeg    . . .      Spirit   .   b - +0 scale mail
rPois   .          Reflect  .   (no helmet)
rElec   .          Harm     .   (no cloak)
rCorr   .          Rampage  .   (no gloves)
Will    .....                   (no boots)
Stlth   ..........              (no amulet)
HPRegen 0.08/turn               f - +4 ring of protection
MPRegen 0.08/turn               (no ring)

@: about to teleport, sanguine armoured
A: sanguine armour 1
a: Renounce Religion, Channel Magic


You were on level 4 of the Dungeon.
You worshipped Sif Muna.
Sif Muna was aware of your devotion.
You visited 1 branch of the dungeon, and saw 3 of its levels.

You collected 134 gold pieces.

Inventory:

Hand Weapons
 a - a +0 long sword (weapon)
Missiles
 e - 6 poisoned darts (quivered)
Armour
 b - a +0 scale mail (worn)
 c - a +0 buckler (worn)
Jewellery
 f - a +4 ring of protection (left hand)
Potions
 d - a potion of might


   Skills:
 + Level 3.2 Fighting
 + Level 2.1 Long Blades
 + Level 3.0 Armour
 + Level 3.0 Shields


You had one spell level left.
You didn't know any spells.
Your spell library was empty.

Dungeon Overview and Level Annotations

Branches:
Dungeon (4/15)
 Temple: D:4-7

Altars:
Sif Muna

Shops:
D:1 :


Innate Abilities, Weirdness & Mutations

When seriously injured, your blood forms armour. (AC +6)


Message History

e - 7 poisoned darts (gained 2)
Things that are here:
a +0 dagger; a kobold corpse A worm comes into view.
You see here a +0 ring mail.
Found a scroll labelled WUVOMA PYGAEDIASCH.
You see here 2 stones.
An orc comes into view. It is wielding a +0 flail.
The orc shouts!
A giant cockroach comes into view.
A phantom comes into view.
You throw a poisoned dart. The poisoned dart hits the worm.
The worm is poisoned.
The worm completely misses you.
You hit the worm.
The worm is moderately wounded.
A goblin comes into view. It is wielding a +0 dagger.
The worm bites you.
You slash the worm!
The worm is severely wounded.
The worm looks more healthy.
The orc hits you with a +0 flail.
Your blood congeals into armour.
The giant cockroach barely misses you. The worm bites you!
* * * LOW HITPOINT WARNING * * *
You slash the worm!
You kill the worm!
Sif Muna accepts your kill.
The giant cockroach bites you but does no damage.
The orc barely misses you.
Your Shields skill increases to level 3!
The giant cockroach attacks as you move away!
You block the giant cockroach's attack. The phantom attacks as you move away!
The phantom barely misses you. The orc hits you with a +0 flail.
* * * LOW HITPOINT WARNING * * *
The giant cockroach closely misses you.
You see here a poisoned dart.
As you read the scroll labelled ALUOWUI BONN, it crumbles to dust.
You feel strangely unstable.
It was a scroll of teleportation.
The phantom hits you.
You die...

#≈≈#≈≈≈#≈............
#.≈.≈♣≈≈≈≈≈......##..
##≈≈≈≈#≈≈≈........###.
#.....≈≈..♣≈.)......#.
##..≈..≈♣≈≈≈≈..........
.#.?.≈.≈.≈≈≈.........#..
....≈≈.≈.≈([...####..#.#
.....≈≈≈.......# .## #
.......@........# ..
.##...oBW.......... ..
....g......####...#
.....#.....# ...#
.....#.......# ....#
.... .......... .... ...
............
.....##........# ...
#........#


You could see a phantom, an orc, a giant cockroach and a goblin.

Vanquished Creatures
  A worm (D:4)
  A ball python (D:1)
  2 endoplasms (D:1)
  A giant cockroach (D:1)
  2 hobgoblins (D:1)
  3 quokkas (D:1)
  3 bats (D:1)
  2 frilled lizards (D:1)
  2 kobolds
  2 rats (D:1)
19 creatures vanquished.

Notes
Turn   | Place    | Note
-------+----------+-------------------------------------------
     0 | D:1      | xian the Demonspawn Fighter began the quest for the Orb.
     0 | D:1      | Reached XP level 1. HP: 18/18 MP: 1/1
   184 | D:1      | Found Laosoczo's Book Shoppe.
   376 | D:1      | Gained mutation: When seriously injured, your blood forms
                  | armour. (AC +6) [demonic ancestry]
   376 | D:1      | Reached XP level 2. HP: 23/24 MP: 2/2
   676 | D:1      | Found a faded altar of an unknown god.
   686 | D:1      | Prayed at the altar of an unknown god.
   686 | D:1      | Became a worshipper of Sif Muna the Loreminder
   686 | D:1      | Reached * piety under Sif Muna
   875 | D:2      | You fall into a shaft and drop 2 floors!
   894 | D:4      | Noticed a phantom
   900 | D:4      | HP: 1/24 [orc/+0 flail (5)]
   901 | D:4      | Slain by a phantom

Illustrated notes

Levels and vault maps discovered:
D:1:      psy_arrival_dodecagon, layout_basic, serial_shops,
          nicolae_shop_hallway_stairs,
          hellmonk_ecumenical_altar_pennies_from_heaven, interstate_on_off,
          minmay_tromino_v2
D:2:      layout_loops_ring, uniq_natasha
D:4:      layout_cave_pools, lemuel_doored_altar, serial_rivers,
          chequers_serial_rivers_small_3, chequers_serial_rivers_micro_b,
          chequers_serial_rivers_marsh, chequers_serial_rivers_micro_d,
          cheibrodos_sewer_entry_bend

Skill      XL: |  1  2 |
---------------+-------+-----
Long Blades    | 2 |  2.1
Armour         | 3 |  3.0
Shields        | 3 |  3.0
Fighting       | |  3.2

Action                   || total
-------------------------++-------
Melee: Long sword        ||    65
Throw: Dart              ||     1
  Use: Scroll            ||     1
Armor: Scale mail        ||    54
Dodge: Dodged            ||    34
Block: Buckler           ||    12

Table legend: (Time is in decaauts)
 A = Elapsed time spent in this place.
 B = Non-inter-level travel time spent in this place.
 C = Inter-level travel time spent in this place.
 D = Time resting spent in this place.
 E = Time spent auto-exploring this place.
 F = Levels seen in this place.
 G = Mean time per level.
                   A        B        C        D        E       F      G
               +--------+--------+--------+--------+--------+-----+--------+
         Total |    926 |    873 |     53 |      0 |    596 |   3 |  308.7 |
       Dungeon |    926 |    873 |     53 |      0 |    596 |   3 |  308.7 |
               +--------+--------+--------+--------+--------+-----+--------+

Top non-repeatable levels by time:
     D:1: 899 daAuts
     D:4: 27 daAuts
